 Dungeon Crawl Stone Soup version 0.31.0-11-ge490571c62 (webtiles) character file.

Game seed: 4005862539962413988

651 bnorton916 the Chopper (level 7, -3/56 HPs)
             Began as a Gnoll Reaver on Feb 1, 2024.
             Splashed by a jelly's acid (4 damage)
             ... on level 5 of the Dungeon.
             The game lasted 00:10:44 (6196 turns).

bnorton916 the Chopper (Gnoll Reaver)               Turns: 6196, Time: 00:10:44

Health: -3/56      AC: -2    Str: 11    XL:     7   Next: 53%
Magic:  15/15      EV: 12    Int: 15    God:
Gold:   108        SH:  0    Dex: 10    Spells: 11/17 levels left

rFire   + . .        w - +1 dagger (venom)
rCold   + . .        (no shield)
rNeg    . . .        b - +0 leather armour
rPois   .            t - +1 helmet
rElec   .            u - scarf {rC+ rF+}
rCorr   .            (no gloves)
SInv    .            (no boots)
Will    .....        (no amulet)
Stlth   ++           (no ring)
HPRegen 0.29/turn    (no ring)
MPRegen 0.14/turn

%: no passive effects
@: corroded
A: fangs 1, strong nose, distributed training
a: no special abilities


You were on level 5 of the Dungeon.
You visited 1 branch of the dungeon, and saw 5 of its levels.

You collected 148 gold pieces.
You spent 40 gold pieces at shops.

Inventory:

Hand Weapons
 a - a +0 hand axe
 j - a +4 vampiric dagger
 o - a +2 short sword of holy wrath
 w - a +1 dagger of venom (weapon)
Missiles
 g - a throwing net
 y - 2 javelins
Armour
 b - a +0 leather armour (worn)
 t - a +1 helmet (worn)
 u - a scarf of resistance (worn)
Magical Staves
 d - a staff of air
Jewellery
 r - a ring of protection from fire
Wands
 l - a wand of iceblast (5)
Scrolls
 c - a scroll of fear
 e - 2 scrolls of noise
 f - a scroll of teleportation
 h - a scroll of enchant armour
Potions
 k - a potion of curing
 n - a potion of attraction
 v - a potion of heal wounds {unknown}


   Skills:
 + Level 5.3 Fighting
 + Level 2.6 Short Blades
 + Level 2.6 Long Blades
 + Level 7.1 Axes
 + Level 2.6 Maces & Flails
 + Level 2.6 Polearms
 + Level 2.6 Staves
 + Level 2.6 Ranged Weapons
 + Level 2.6 Throwing
 + Level 2.6 Armour
 + Level 5.3 Dodging
 + Level 2.6 Stealth
 + Level 2.6 Shields
 + Level 2.6 Unarmed Combat
 + Level 5.7 Spellcasting
 + Level 5.9 Conjurations
 + Level 2.1 Hexes
 + Level 2.1 Summonings
 + Level 2.1 Necromancy
 + Level 2.1 Translocations
 + Level 2.1 Fire Magic
 + Level 2.1 Ice Magic
 + Level 2.1 Air Magic
 + Level 2.1 Earth Magic
 + Level 2.1 Alchemy
 + Level 3.0 Invocations
 + Level 2.6 Evocations
 + Level 2.4 Shapeshifting


You had 11 spell levels left.
You knew the following spells:

 Your Spells              Type           Power      Damage    Failure   Level
a - Kiss of Death         Conj/Necr      64%        2d10      3%          1
b - Momentum Strike       Conj/Tloc      32%        3d8       6%          2
c - Hailstorm             Conj/Ice       16%        3d6       12%         3

Your spell library contained the following spells:

 Spells                   Type           Power      Damage    Failure   Level
 Confusing Touch          Hex            10%        N/A       24%         3
 Dispel Undead            Necr           10%        3d9       63%         4
 Malign Gateway           Summ/Tloc      5%         N/A       100%        7
 Summon Horrible Things   Summ           5%         N/A       100%        8


Dungeon Overview and Level Annotations

Branches:
Dungeon (5/15)
 Temple: D:4-7

Altars:
Dithmenos

Shops:
D:2 ?   D:4 [


Innate Abilities, Weirdness & Mutations

You have very sharp teeth.
Your uncanny sense of smell can sniff out nearby items.
Your experience applies equally to all skills.


Message History

Found a scroll of identify and a leather armour.
There is a stone staircase leading up here.
Found 13 gold pieces.
The jelly hits you but does no damage.
You hit the jelly.
Your hands burn!
The jelly is lightly wounded.
You hit the jelly. The acid corrodes you!
Your hands burn!
The jelly is moderately wounded.
The jelly closely misses you.
You hit the jelly but do no damage.
Your hands burn!
The jelly is moderately wounded.
The jelly misses you.
You hit the jelly but do no damage.
Your hands burn!
The jelly is moderately wounded.
The jelly hits you but does no damage.
You hit the jelly but do no damage.
Your hands burn!
The jelly is moderately wounded.
The jelly closely misses you.
You hit the jelly. The acid corrodes you!
Your hands burn!
The jelly is heavily wounded.
The jelly misses you.
You hit the jelly but do no damage.
The jelly is poisoned.
Your hands burn!
The jelly is heavily wounded.
The jelly hits you. The acid corrodes you!
You are splashed with acid!
You hit the jelly.
Your hands burn!
The jelly is almost dead.
The jelly hits you.
You are splashed with acid!
* * * LOW HITPOINT WARNING * * *
You hit the jelly but do no damage.
Your hands burn!
* * * LOW HITPOINT WARNING * * *
The jelly is almost dead.
The jelly attacks as it pursues you! The jelly closely misses you.
The jelly jiggles.
The jelly hits you.
* * * LOW HITPOINT WARNING * * *
You are splashed with acid.
* * * LOW HITPOINT WARNING * * *
You see here a scroll of identify.
You hit the jelly but do no damage.
The jelly looks even sicker.
Your hands burn!
You die...

#........,,*******
#.......#*,,,,,,,***
#.......#*,*****,,,,
*#......,,,* *****
##.....##***
#......[# #.......#
#..J..<.# ##.@...##
##...## #####


You could see a jelly (very poisoned).

Vanquished Creatures
  Eustachio (D:4)
  An ogre (D:4)
  A phantom (D:4)
  A howler monkey (D:4)
  2 hounds (D:5)
  An iguana (D:4)
  Ijyb (D:4)
  An orc wizard (D:5)
  Robin (D:4)
  4 gnolls (D:4)
  An adder (D:4)
  4 dart slugs
  4 orcs
  10 endoplasms
  4 giant cockroaches
  12 goblins
  6 hobgoblins
  6 jackals
  15 kobolds
  6 quokkas
  8 ball pythons
  7 bats
  5 frilled lizards
  6 rats
108 creatures vanquished.

Notes
Turn   | Place    | Note
-------+----------+-------------------------------------------
     0 | D:1      | bnorton916 the Gnoll Reaver began the quest for the Orb.
     0 | D:1      | Reached XP level 1. HP: 20/20 MP: 6/6
   221 | D:1      | Reached XP level 2. HP: 10/18 MP: 5/7
   359 | D:1      | Learned a level 2 spell: Momentum Strike
  1031 | D:1      | Reached skill level 5 in Spellcasting
  1031 | D:1      | Reached XP level 3. HP: 21/22 MP: 7/9
  1265 | D:1      | Reached skill level 1 in Invocations
  1514 | D:2      | Reached skill level 1 in Short Blades
  1514 | D:2      | Reached skill level 1 in Long Blades
  1514 | D:2      | Reached skill level 1 in Maces & Flails
  1514 | D:2      | Reached skill level 1 in Polearms
  1514 | D:2      | Reached skill level 1 in Staves
  1514 | D:2      | Reached skill level 1 in Ranged Weapons
  1514 | D:2      | Reached skill level 1 in Throwing
  1514 | D:2      | Reached skill level 1 in Armour
  1514 | D:2      | Reached skill level 1 in Stealth
  1514 | D:2      | Reached skill level 1 in Shields
  1514 | D:2      | Reached skill level 1 in Unarmed Combat
  1514 | D:2      | Reached skill level 1 in Evocations
  1895 | D:2      | Reached skill level 1 in Shapeshifting
  1895 | D:2      | Reached XP level 4. HP: 32/34 MP: 11/11
  2253 | D:2      | Found Ysost's Magic Scroll Boutique.
  2259 | D:2      | Bought a scroll of fear for 40 gold pieces
  2516 | D:3      | Found a shadowy altar of Dithmenos.
  2593 | D:3      | Found a faded altar of an unknown god.
  2599 | D:3      | Reached skill level 1 in Hexes
  2599 | D:3      | Reached skill level 1 in Summonings
  2599 | D:3      | Reached skill level 1 in Necromancy
  2599 | D:3      | Reached skill level 1 in Translocations
  2599 | D:3      | Reached skill level 1 in Fire Magic
  2599 | D:3      | Reached skill level 1 in Ice Magic
  2599 | D:3      | Reached skill level 1 in Air Magic
  2599 | D:3      | Reached skill level 1 in Earth Magic
  2599 | D:3      | Reached skill level 1 in Alchemy
  3446 | D:4      | Found Niguxet's Armour Shoppe.
  3587 | D:4      | Noticed an ogre
  3608 | D:4      | Killed an ogre
  3609 | D:4      | Reached XP level 5. HP: 31/43 MP: 4/12
  3683 | D:4      | Noticed Ijyb
  3694 | D:4      | Killed Ijyb
  3761 | D:4      | Noticed a phantom
  3855 | D:5      | Entered Level 5 of the Dungeon
  3865 | D:5      | Reached XP level 6. HP: 9/37 MP: 11/14
  3875 | D:5      | Reached skill level 5 in Fighting
  3875 | D:5      | Reached skill level 5 in Dodging
  4913 | D:4      | Noticed Eustachio
  4922 | D:4      | Learned a level 3 spell: Hailstorm
  4941 | D:4      | Reached skill level 7 in Axes
  4941 | D:4      | Reached XP level 7. HP: 44/54 MP: 9/15
  4954 | D:4      | Killed Eustachio
  5694 | D:4      | Noticed Robin
  5942 | D:4      | Killed Robin
  6195 | D:5      | HP: 1/56 [acid (4)]
  6196 | D:5      | Splashed by a jelly's acid

Illustrated notes

Levels and vault maps discovered:
D:1:      psy_arrival_dodecagon, layout_loops_cross
D:2:      layout_loops_ring, serial_shops, shop
D:3:      layout_rooms, nicolae_dithmenos_shadow_blocks,
          hellmonk_ecumenical_altar_zigzags, minmay_ruptured
D:4:      layout_basic, serial_shops, nicolae_shop_hallway_plus, uniq_eustachio,
          uniq_robin, uniq_ijyb
D:5:      cheibrodos_fertilizer, layout_rooms, zin_treasury,
          gup_sewer_entry_bubbles, nicolae_the_louvre

Skill      XL: |  1  2  3  4  5  6  7 |
---------------+----------------------+-----
Spellcasting   | 5 |  5.7
Invocations    | 1 2 3 |  3.0
Short Blades   | 1 2 |  2.6
Long Blades    | 1 2 |  2.6
Maces & Flails | 1 2 |  2.6
Polearms       | 1 2 |  2.6
Staves         | 1 2 |  2.6
Ranged Weapons | 1 2 |  2.6
Throwing       | 1 2 |  2.6
Armour         | 1 2 |  2.6
Stealth        | 1 2 |  2.6
Shields        | 1 2 |  2.6
Unarmed Combat | 1 2 |  2.6
Evocations     | 1 2 |  2.6
Shapeshifting  | 1 2 |  2.4
Hexes          | 1 2 |  2.1
Summonings     | 1 2 |  2.1
Necromancy     | 1 2 |  2.1
Translocations | 1 2 |  2.1
Fire Magic     | 1 2 |  2.1
Ice Magic      | 1 2 |  2.1
Air Magic      | 1 2 |  2.1
Earth Magic    | 1 2 |  2.1
Alchemy        | 1 2 |  2.1
Fighting       | 5 |  5.3
Dodging        | 5 |  5.3
Axes           | 7 |  7.1
Conjurations   | |  5.9

Action                     |  1- 3 |  4- 6 |  7- 9 || total
---------------------------+-------+-------+-------++-------
  Melee: Hand axe          |   111 |       |       ||   111
         Bite              |    11 |    18 |    13 ||    42
         Punch             |     1 |       |     2 ||     3
         Dagger            |    21 |   143 |    95 ||   259
  Throw: Javelin           |       |     3 |     2 ||     5
   Cast: Kiss of Death     |     4 |     4 |       ||     8
         Momentum Strike   |       |     7 |       ||     7
         Hailstorm         |       |     2 |       ||     2
    Use: Scroll            |       |     9 |     3 ||    12
         Potion            |       |     1 |       ||     1
 Armour: Leather armour    |    61 |   132 |    61 ||   254
  Dodge: Dodged            |    74 |   124 |    65 ||   263
